 Dungeon Crawl Stone Soup version 0.30-a0-219-gf2db51d15e (webtiles) character file.

Game seed: 53774189927514912

51 freelancePsychic the Conjurer (level 3, 0/31 HPs)
             Began as a Tengu Wanderer on Oct 7, 2022.
             Slain by an orc
             ... wielding a +0 mace
              (9 damage)
             ... on level 2 of the Dungeon.
             The game lasted 00:03:00 (1439 turns).

freelancePsychic the Conjurer (Tengu Wanderer)      Turns: 1439, Time: 00:03:01

Health: 0/31       AC:  0    Str: 10    XL:     3   Next: 83%
Magic:  6/6        EV: 11    Int: 16    God:
Gold:   95         SH:  0    Dex: 13    Spells: 1/4 levels left

rFire   . . .      SeeInvis .    j - +2 dagger (venom)
rCold   . . .      Faith    .    (no shield)
rNeg    . . .      Spirit   .    (no body armour)
rPois   .          Reflect  .    (helmet restricted)
rElec   .          Harm     .    (no cloak)
rCorr   .          Rampage  .    (no gloves)
Will    .....                    (boots unavailable)
Stlth   ..........               f - amulet of regeneration
HPRegen 1.05/turn                (no ring)
MPRegen 0.10/turn                (no ring)

@: berserking, very quick
A: beak, talons 3
a: no special abilities


You were on level 2 of the Dungeon.
You visited 1 branch of the dungeon, and saw 3 of its levels.

You collected 95 gold pieces.

Inventory:

Hand Weapons
 a - a +0 dagger
 j - a +2 dagger of venom (weapon)
Jewellery
 f - an amulet of regeneration (around neck)
Wands
 d - a wand of iceblast (12)
Scrolls
 b - a scroll of vulnerability
 e - a scroll of noise
 h - a scroll of amnesia
 i - 3 scrolls of poison {unknown}
 k - a scroll of fear {unknown}
Potions
 g - a potion of flight {unknown}


   Skills:
 + Level 2.0 Fighting
 - Level 1.1 Armour
 + Level 1.3 Spellcasting
 + Level 5.9 Conjurations
 - Level 2.4 Transmutations
 - Level 2.0 Air Magic
 + Level 0.1 Earth Magic


You had one spell level left.
You knew the following spells:

 Your Spells              Type           Power      Damage    Failure   Level
a - Kiss of Death         Conj/Necr      40%        2d8       7%          1
b - Static Discharge      Conj/Air       26%        2-4/arc   6%          2

Your spell library contained the following spells:

 Spells                   Type           Power      Damage    Failure   Level
 Wereblood                Tmut           8%         N/A       12%         2
 Stone Arrow              Conj/Erth      20%        3d8       19%         3
 Passwall                 Tmut/Erth      4%         N/A       21%         2
 Ozocubu's Armour         Ice            1%         N/A       54%         3
 Ozocubu's Refrigeration  Ice            0%         4d7       100%        7


Dungeon Overview and Level Annotations

Branches:
Dungeon (3/15)

Altars:


Innate Abilities, Weirdness & Mutations

You have a beak for a mouth.
You have claws for feet.


Message History

The orc is severely wounded.
The orc barely misses you.
Your magical contamination has completely faded away.
You hit the orc but do no damage.
The orc looks as sick as possible!
You peck the orc, but do no damage.
The orc is severely wounded.
You hit the orc but do no damage.
The orc looks as sick as possible!
The orc is almost dead.
You kill the orc!
You barely miss the orc. You claw the orc.
You kill the orc!
The orc closely misses you.
You barely miss the orc. You claw the orc.
You kill the orc!
You start resting.
HP restored.
You start resting.
Magic restored.
(D) Dungeon
Where to? (Enter - D:3, ? - help)
Things that are here:
a +0 dagger; a +0 chain mail; an orc corpse
There is a stone staircase leading down here.
You climb downwards.
The orc barely misses you. The orc hits you with a +0 flail!
The worm closely misses you.
There is a stone staircase leading up, spattered with blood here.
You are too injured to fight recklessly!
The orc closely misses you. The orc hits you with a +0 flail.
You climb upwards.
There is a stone staircase leading down here.
The orc hits you with a +0 mace!
* * * LOW HITPOINT WARNING * * *
The orc hits you with a +0 flail.
* * * LOW HITPOINT WARNING * * *
The orc attacks as you move away! The orc misses you.
It was a potion of berserk rage.
A red film seems to cover your vision as you go berserk!
You feel yourself moving faster!
You feel mighty! The orc hits you with a +0 mace!
You die...

#.# #...........# #.#
#............ #.# #............
#.# #............ #.#
#............ #.# ###'########.
#.# #.# #. #.#
###########.########)
#.##########.oo@................
##.##......##w#########.########.
#..........'.>[..................
#####......##.#)......##########.
#......##.#..........##### #.
#.........#..........[...# #.
#.......###..............# #.
#.......# ######.........# #.
#.......##### #.........# #.


You could see a worm and 2 orcs.

Vanquished Creatures
  An adder (D:2)
  A dart slug (D:1)
  3 orcs (D:2)
  A bat (D:1)
  4 endoplasms
  6 giant cockroaches
  2 goblins (D:1)
  2 hobgoblins
  A quokka (D:1)
  4 ball pythons
  3 frilled lizards
  4 kobolds (D:1)
  2 rats (D:1)
34 creatures vanquished.

Notes
Turn   | Place    | Note
-------+----------+-------------------------------------------
     0 | D:1      | freelancePsychic the Tengu Wanderer began the quest for the
                  | Orb.
     0 | D:1      | freelancePsychic set off with the following items: a +0
                  | dagger, a scroll of vulnerability, a +0 scale mail; and the
                  | following spell memorised: Kiss of Death; and the following
                  | spells available to memorise: Static Discharge, Wereblood,
                  | Passwall, Stone Arrow.
     0 | D:1      | Reached XP level 1. HP: 12/12 MP: 3/3
   137 | D:1      | Reached XP level 2. HP: 15/16 MP: 4/4
   140 | D:1      | Reached skill level 1 in Air Magic
   156 | D:1      | Learned a level 2 spell: Static Discharge
   504 | D:1      | Reached XP level 3. HP: 19/20 MP: 5/5
  1439 | D:2      | Slain by an orc

Illustrated notes

Levels and vault maps discovered:
D:1:      minmay_arrival_doors, layout_basic, minmay_misc_feat_doors
D:2:      layout_basic
D:3:      layout_rooms, mainiacjoe_overflow_chevrons, minmay_misc_feat_room,
          minmay_ogre_servants, uniq_terence

Skill      XL: |  1  2  3 |
---------------+----------+-----
Air Magic      | 1 2 |  2.0
Fighting       | 2 |  2.0
Armour         | |  1.1
Spellcasting   | |  1.3
Conjurations   | |  5.9
Transmutations | |  2.4
Earth Magic    | |  0.1

Action                   || total
-------------------------++-------
Melee: Dagger            ||    64
       Kick              ||    20
       Peck              ||     9
 Cast: Static Discharge  ||     3
  Use: Scroll            ||     3
       Potion            ||     1
Armor: Scale mail        ||    13
Dodge: Dodged            ||    34

Table legend: (Time is in decaauts)
 A = Elapsed time spent in this place.
 B = Non-inter-level travel time spent in this place.
 C = Inter-level travel time spent in this place.
 D = Time resting spent in this place.
 E = Time spent auto-exploring this place.
 F = Levels seen in this place.
 G = Mean time per level.
                   A        B        C        D        E       F      G
               +--------+--------+--------+--------+--------+-----+--------+
         Total |   1439 |   1389 |     50 |     40 |   1131 |   3 |  479.7 |
       Dungeon |   1439 |   1389 |     50 |     40 |   1131 |   3 |  479.7 |
               +--------+--------+--------+--------+--------+-----+--------+

Top non-repeatable levels by time:
     D:2: 785 daAuts
     D:1: 641 daAuts
     D:3: 12 daAuts
